 Dungeon Crawl Stone Soup version 0.28.0-45-g0d030f2227 (webtiles) character file.

Game seed: 11237788926104829762

2748 RepoMan the Basher (level 9, -1/78 HPs)
             Began as a Gargoyle Venom Mage on Apr 23, 2022.
             Was an Initiate of Elyvilon.
             Killed from afar by Maggie (14 damage)
             ... with a bolt of acid
             ... on level 7 of the Dungeon.
             The game lasted 00:47:21 (8729 turns).

RepoMan the Basher (Gargoyle Venom Mage)            Turns: 8729, Time: 00:47:21

Health: -1/78      AC: 12    Str: 15    XL:     9   Next: 68%
Magic:  24/24      EV: 11    Int: 17    God:    Elyvilon [......]
Gold:   224        SH:  0    Dex: 10    Spells: 5/16 levels left

rFire   . . .      SeeInvis .   e - +0 whip (elec)
rCold   . . .      Faith    .   (no shield)
rNeg    + . .      Spirit   .   F - +0 robe {Will+}
rPois   ∞          Reflect  .   p - +0 helmet
rElec   +          Harm     .   (no cloak)
rCorr   .          Rampage  .   g - +0 pair of gloves
Will    +....                   z - +1 pair of boots
Stlth   ..........              (no amulet)
HPRegen 0.23/turn               r - ring of magical power
MPRegen 0.19/turn               s - ring of flight

@: berserking, marked, flying, very quick
A: sickness immunity, AC +6, negative energy resistance 1, electricity
resistance, torment resistance 1, petrification resistance
a: Renounce Religion


You were on level 7 of the Dungeon.
You worshipped Elyvilon.
Elyvilon was noncommittal.
You visited 2 branches of the dungeon, and saw 8 of its levels.
You also visited: Ossuary.

You collected 478 gold pieces.
You spent 254 gold pieces at shops.

Inventory:

Hand Weapons
 c - a +0 flail
 e - a +0 whip of electrocution (weapon)
 h - a +2 whip of holy wrath
 w - a +0 morningstar
Missiles
 b - 170 stones
Armour
 g - a +0 pair of gloves (worn)
 k - a +0 leather armour
 p - a +0 helmet (worn)
 q - a +0 ring mail
 t - an orb of wrath
 z - a +1 pair of boots (worn)
 F - a +0 robe of willpower (worn)
Magical Staves
 l - a staff of fire
Jewellery
 r - a ring of magical power (left hand)
 s - a ring of flight (right hand)
Scrolls
 a - a scroll of torment {unknown}
 m - 7 scrolls of amnesia
 o - 3 scrolls of enchant weapon
 v - 2 scrolls of summoning {unknown}
 y - a scroll of fog {unknown}
 A - a scroll of brand weapon {unknown}
 B - a scroll of holy word {unknown}
Potions
 d - 2 potions of mutation
 f - a potion of berserk rage
 i - a potion of heal wounds {unknown}
 j - 2 potions of curing {unknown}
 n - a potion of lignification {unknown}
 x - 2 potions of magic
 C - 2 potions of attraction {unknown}
 D - 2 potions of ambrosia
 E - a potion of resistance {unknown}


   Skills:
 + Level 4.2 Fighting
 * Level 8.2 Maces & Flails
 - Level 2.6 Armour
 - Level 1.5 Dodging
 - Level 2.1 Stealth
 - Level 4.0 Spellcasting
 - Level 2.6 Translocations
 - Level 0.7 Transmutations
 + Level 7.7 Poison Magic


You had 5 spell levels left.
You knew the following spells:

 Your Spells              Type           Power      Damage    Failure   Level
b - Blink                 Tloc           24%        N/A       9%          2
s - Sting                 Tmut/Pois      68%        1d6       2%          1
t - Olgreb's Toxic Radia  Pois           29%        N/A       7%          4
v - Poisonous Vapours     Pois/Air       32%        N/A       4%          2
w - Wereblood             Tmut           5%         N/A       19%         2

Your spell library contained the following spells:

 Spells                   Type           Power      Damage    Failure   Level
 Spider Form              Tmut/Pois      17%        N/A       9%          3
 Beastly Appendage        Tmut           10%        N/A       12%         1
 Foxfire                  Conj/Fire      12%        2x1d4     16%         1
 Magic Dart               Conj           12%        1d3       16%         1
 Lesser Beckoning         Tloc           12%        N/A       16%         3
 Mephitic Cloud           Conj/Pois/Air  12%        N/A       17%         3
 Call Imp                 Summ           3%         N/A       24%         2
 Searing Ray              Conj           6%         2d4       24%         2
 Portal Projectile        Hex/Tloc       14%        N/A       28%         3
 Conjure Flame            Conj/Fire      3%         6-21      43%         3
 Frozen Ramparts          Ice            6%         1d2       43%         3
 Inner Flame              Hex/Fire       3%         N/A       43%         3
 Ice Form                 Ice/Tmut       4%         N/A       80%         4
 Cause Fear               Hex            1%         N/A       83%         4
 Flame Wave               Conj/Fire      3%         2d4       83%         4
 Fulminant Prism          Conj/Hex       1%         3d6       83%         4
 Summon Ice Beast         Ice/Summ       3%         N/A       83%         4
 Manifold Assault         Tloc           12%        N/A       83%         5
 Blade Hands              Tmut           2%         N/A       97%         5
 Excruciating Wounds      Necr           1%         N/A       99%         5
 Discord                  Hex            1%         N/A       100%        8


Dungeon Overview and Level Annotations

Branches:
Dungeon (7/15)             Temple (1/1) D:6         Ossuary (visited)

Altars:
Ashenzari
Dithmenos
Elyvilon
Fedhas
Gozag
Hepliaklqana
Makhleb
Nemelex Xobeh
Okawaru
Qazlal
Ru
Sif Muna
Trog
Uskayaw
Vehumet
Wu Jian
Yredelemnul
Zin
The Shining One

Shops:
D:5 [

Annotations:
D:6 exclusion: downstairs
D:7 Harold, Maggie


Innate Abilities, Weirdness & Mutations

You are immune to sickness and miasma.
Your stone body is resilient. (AC +6)
You are immune to poison.
You resist negative energy. (rN+)
You are resistant to electric shocks. (rElec)
You are resistant to unholy torment.
You are immune to petrification.


Message History

You become entangled in the net!
You see here a throwing net.
Unknown command.
You tear a large gash into the net.
You struggle against the net.
You rip the net and break free!
Harold fires a harpoon shot at you. The harpoon shot hits you!
You are yanked forward by the harpoon shot.
Unknown command.
As you read the scroll of teleportation, it crumbles to dust.
You feel strangely unstable. Harold misses you.
Casting: Sting (safe; 2% risk of failure)
Confirm with . or Enter, or press ? or * to list all spells.
Aiming: Poisonous Vapours (safe; 4% risk of failure)
Press: ? - help, Dir - move target, f - Harold
Aim: Harold, wielding a +0 glaive, wearing a +2 scale mail of fire resistance and quivering a throwing net Poisonous vapours surround Harold!
Harold is poisoned.
Harold hits you with a +0 glaive!
Unknown command.
It was a potion of magic.
Magic courses through your body. Harold hits you but does no damage.
It was a potion of berserk rage.
A red film seems to cover your vision as you go berserk!
You feel yourself moving faster!
You feel mighty! Harold hits you with a +0 glaive!!
* * * LOW HITPOINT WARNING * * *
You whack Harold!
Harold is lightly wounded.
Harold hits you with a +0 glaive!
* * * LOW HITPOINT WARNING * * *
You whack Harold!
Harold is moderately wounded.
You hit Harold.
Harold is moderately wounded.
Your surroundings suddenly seem different.
Maggie gestures wildly while chanting.
You feel a strong urge to attack something.
Maggie zaps a wand.
The bolt of acid hits you!
You die...

..▒ ▒ ▒. ▒.▒. ▒.▒ ▒.▒
▒▒▒.▒▒▒▒▒.▒
▒.▒▒▒▒.........▒▒▒▒▒▒▒
.....................
....▒▒.▒.▒▒▒......@.
...............▒▒.▒▒
....▒▒.▒.▒▒▒)..▒...▒▒
....▒▒.▒.▒ ▒...<@...▒▒
.......▒.▒ ▒†▒.......▒
▒▒▒▒▒▒▒▒.▒ ▒.......(▒▒
▒ ▒.▒ ▒...▒....▒ ▒
▒........[.▒.▒ ▒▒▒▒
▒▒▒▒▒.▒▒▒▒▒▒.▒ ...▒
▒.▒ ▒.▒ ▒▒.▒ ▒.▒ ▒.▒
▒▒.▒ ▒.▒ ▒.▒


You could see Maggie.

Vanquished Creatures
  Pikel (D:6)
  A water moccasin (D:5)
  4 ogres
  3 kobold brigands
  3 bullfrogs
  A scorpion (D:5)
  8 water moccasin zombies
  A water moccasin skeleton (D:6)
  A howler monkey (D:6)
  A centaur zombie (D:7)
  2 bullfrog zombies
  3 jellies
  3 hounds
  2 orc priests
  Jessica (D:3)
  4 iguanas
  Natasha (D:3)
  3 orc wizards (D:4)
  A killer bee zombie (D:6)
  2 mummies (Ossuary)
  2 howler monkey zombies
  10 adders
  3 gnolls
  A white imp (D:6)
  A worm (D:2)
  8 adder zombies (Ossuary)
  A dart slug (D:2)
  5 orcs
  2 bats
  4 endoplasms
  2 giant cockroaches
  5 goblins
  4 hobgoblins
  4 jackals (D:1)
  4 quokkas
  10 ball pythons
  4 frilled lizards
  4 gnoll zombies (Ossuary)
  2 hobgoblin zombies (Ossuary)
  18 kobolds
  2 kobold zombies (Ossuary)
  4 orc zombies (Ossuary)
  5 rats
  2 rat zombies (D:4)
153 creatures vanquished.

Vanquished Creatures (others)
  2 fungi (D:2)
  A plant (D:2)
  3 withered plants (D:2)
6 creatures vanquished.

Grand Total: 159 creatures vanquished

Notes
Turn   | Place    | Note
-------+----------+-------------------------------------------
     0 | D:1      | RepoMan the Gargoyle Venom Mage began the quest for the
                  | Orb.
     0 | D:1      | Reached XP level 1. HP: 10/10 MP: 3/3
   223 | D:1      | Reached XP level 2. HP: 16/16 MP: 1/5
   227 | D:1      | Learned a level 2 spell: Poisonous Vapours
   230 | D:1      | Learned a level 2 spell: Blink
   489 | D:1      | Reached skill level 1 in Fighting
  1332 | D:2      | Reached XP level 3. HP: 20/20 MP: 3/6
  1527 | D:2      | Found a faded altar of an unknown god.
  1842 | D:2      | Reached XP level 4. HP: 25/26 MP: 1/7
  1845 | D:2      | Learned a level 2 spell: Wereblood
  2504 | D:2      | Reached skill level 1 in Translocations
  2744 | D:3      | Found a shimmering blue altar of Sif Muna.
  2744 | D:3      | Noticed Jessica
  2748 | D:3      | Killed Jessica
  2866 | D:3      | Reached XP level 5. HP: 31/31 MP: 8/8
  2986 | D:3      | Noticed Natasha
  2992 | D:3      | Killed Natasha
  3346 | D:3      | Found a basalt altar of Yredelemnul.
  3346 | D:3      | Found an ornate altar of the Wu Jian Council.
  3619 | D:4      | Noticed an ogre
  3621 | D:4      | Noticed an ogre
  3626 | D:4      | Reached skill level 5 in Poison Magic
  3664 | D:3      | Reached skill level 1 in Maces & Flails
  3836 | D:4      | Reached XP level 6. HP: 36/36 MP: 9/9
  3957 | D:4      | Found a sand-covered staircase.
  3964 | Ossuary  | Entered an ossuary
  4059 | Ossuary  | Reached skill level 2 in Maces & Flails
  4266 | Ossuary  | Reached XP level 7. HP: 41/41 MP: 10/10
  4296 | Ossuary  | Reached skill level 3 in Maces & Flails
  4812 | D:4      | Reached skill level 4 in Maces & Flails
  5140 | D:4      | Found an iron altar of Okawaru.
  5169 | D:4      | Reached XP level 8. HP: 41/48 MP: 11/11
  5203 | D:4      | Reached skill level 5 in Maces & Flails
  5527 | D:4      | Found a broken altar of Ashenzari.
  5528 | D:4      | Found a radiant altar of Vehumet.
  6091 | D:5      | Entered Level 5 of the Dungeon
  6138 | D:5      | Found Ypejook's Antique Armour Shoppe.
  6213 | D:5      | Bought a pair of glowing boots for 112 gold pieces
  6213 | D:5      | Bought an ichor-stained kite shield for 142 gold pieces
  6213 | D:5      | Identified the +0 kite shield "Asmyned" {Rampage *Slow
                  | rPois Dex+3} (You bought it in a shop on level 5 of the
                  | Dungeon)
  6297 | D:5      | Found a hide-covered altar of Uskayaw.
  6330 | D:5      | Reached skill level 6 in Maces & Flails
  7363 | D:6      | Reached XP level 9. HP: 42/52 MP: 13/13
  7399 | D:6      | Reached skill level 7 in Maces & Flails
  7597 | D:6      | Reached skill level 1 in Armour
  7850 | D:6      | Found a staircase to the Ecumenical Temple.
  7859 | Temple   | Entered the Ecumenical Temple
  7866 | Temple   | Became a worshipper of Elyvilon the Healer
  8273 | D:6      | Learned a level 4 spell: Olgreb's Toxic Radiance
  8311 | D:7      | Noticed Pikel
  8314 | D:7      | Noticed Maggie
  8335 | D:6      | Killed Pikel
  8481 | D:6      | Reached skill level 8 in Maces & Flails
  8710 | D:7      | Noticed Harold
  8729 | D:7      | Killed from afar by Maggie

Illustrated notes

Levels and vault maps discovered:
D:1:      zaba_arrival_water, layout_basic
D:2:      layout_basic, shapermc_ecumenical_altar_gd, roderic_serpentine_path,
          corner_web_ring, corexii_item_surrounded_by_moat
D:3:      layout_basic, gammafunk_temple_overflow_elements, tgw_sif,
          uniq_natasha
D:4:      layout_basic, jmf_multi_god_temple, lemuel_coloured_pillars_altar,
          enter_ossuary_4
D:5:      layout_loops_ring, overflow_temple_1_default, serial_shops, shop
D:6:      hellmonk_crumbling_castle, layout_loops_ring,
          kennysheep_generic_room_7
D:7:      layout_loops_ring, uniq_maggie, uniq_pikel, uniq_harold
Temple:   nicolae_temple_no_exploring_needed

Skill      XL: |  1  2  3  4  5  6  7  8  9 |
---------------+----------------------------+-----
Fighting       | 1 2 3 4 |  4.2
Poison Magic   | 4 5 6 7 |  7.7
Translocations | 1 2 |  2.6
Maces & Flails | 1 2 4 6 8 |  8.2
Spellcasting   | 3 4 |  4.0
Armour         | 2 |  2.6
Dodging        | |  1.5
Stealth        | |  2.1
Transmutations | |  0.7

Action                   |  1- 3 |  4- 6 |  7- 9 || total
-------------------------+-------+-------+-------++-------
Melee: Dagger            |     2 |       |       ||     2
       Spear             |    24 |     8 |       ||    32
       Whip              |       |    58 |   211 ||   269
       Punch             |       |     2 |     1 ||     3
       Morningstar       |       |       |     9 ||     9
Throw: Stone             |    36 |    14 |     3 ||    53
 Cast: Sting             |    65 |    55 |   116 ||   236
       Poisonous Vapours |       |    23 |    66 ||    89
  Use: Scroll            |       |     5 |     4 ||     9
       Potion            |       |       |     3 ||     3
 Stab: Sleeping          |     2 |     1 |       ||     3
       Distracted        |       |       |     1 ||     1
Armor: Robe              |    15 |    10 |    19 ||    44
       Leather armour    |       |    18 |    41 ||    59
       Ring mail         |       |       |    71 ||    71
Dodge: Dodged            |    32 |    25 |   132 ||   189
